 Dungeon Sprint DCSS version 0.24-a0-549-g45f0056 (webtiles) character file.

Game seed: 11993753961699027373

12126 Faca the Warrior (level 12, 0/122 HPs)
             Began as a Formicid Fighter on Aug 20, 2019.
             Was the Champion of the Shining One.
             Engulfed by Yvvoabac the pandemonium lord's flame (8 damage)
             ... in the Dungeon (Sprint V: "Ziggurat Sprint").
             The game lasted 00:05:57 (1146 turns).

Faca the Warrior (Formicid Fighter)                 Turns: 1146, Time: 00:05:58

Health: 0/122      AC: 22    Str: 34    XL:     12   Next: 16%
Magic:  12/12      EV:  9    Int:  8    God:    the Shining One [******]
Gold:   0          SH: 16    Dex: 11    Spells: 11/11 levels left

rFire    . . .     SeeInvis +   n - +5 battleaxe (freeze)
rCold    + . .     Gourm    .   N - +3 shield
rNeg     + + +     Faith    .   m - +5 storm dragon scales
rPois    +         Spirit   .   (helmet unavailable)
rElec    +         Reflect  .   b - +2 ratskin cloak {+Rats rPois rN+ Str-1 Int-1 Dex+1}
rCorr    .         Harm     .   (no gloves)
MR       ++...                  (no boots)
Stlth    ..........             O - amulet of magic regeneration
HPRegen  0.30/turn              I - +6 ring of strength
MPRegen  0.38/turn              c - ring of the Empire {*Slow rC+ MR+ Str+4}

@: lethally poisoned (0 -> -3), glowing
A: permanent stasis, dig shafts and tunnels, four strong arms, antennae 3,
blurry vision 1, no potion heal 1
a: Dig, Divine Shield, Cleansing Flame, Summon Divine Warrior, Brand Weapon With
Holy Wrath, Renounce Religion, Evoke Ratskin


You were in the Dungeon.
You worshipped the Shining One.
The Shining One was exalted by your worship.
You were not hungry.

You visited 1 branch

Inventory:

Hand Weapons
 n - a +5 battleaxe of freezing (weapon)
 p - a +5 executioner's axe of chopping
Armour
 b - the +2 ratskin cloak (worn) {+Rats rPois rN+ Str-1 Int-1 Dex+1}
   (You found it in the Dungeon)

   It affects your strength (-1).
   It affects your intelligence (-1).
   It affects your dexterity (+1).
   It protects you from poison.
   It protects you from negative energy.
 l - +5 gold dragon scales
 m - +5 storm dragon scales (worn)
 K - the +15 Maxwell's patent armour {-Cast -Tele rElec MR+ rCorr}
   (You found it in the Dungeon)

   It insulates you from electricity.
   It affects your resistance to hostile enchantments.
   It prevents spellcasting.
   It prevents most forms of teleportation.
   It provides partial protection from all sources of acid and corrosion.
 M - a +3 large shield
 N - a +3 shield (worn)
Jewellery
 c - the ring of the Empire (right hand) {*Slow rC+ MR+ Str+4}
   (You found it in the Dungeon)

   [ring of protection from magic]

   It affects your strength (+4).
   It protects you from cold.
   It affects your resistance to hostile enchantments.
   It may slow you when you take damage.
 D - an uncursed ring of flight
 E - a +6 ring of dexterity
 F - a +6 ring of dexterity
 G - a +6 ring of intelligence
 H - a +6 ring of intelligence
 I - a +6 ring of strength (left hand)
 J - a +6 ring of strength
 O - an amulet of magic regeneration (around neck)
Wands
 y - a wand of disintegration (7)
 A - a wand of iceblast (7)
 C - a wand of acid (7)
Scrolls
 k - 4 scrolls of blinking
 q - 4 scrolls of amnesia
 r - 7 scrolls of fog
 s - a scroll of holy word
 t - 5 scrolls of identify
 u - 4 scrolls of remove curse
 v - 2 scrolls of fear
 L - a scroll of brand weapon
Potions
 d - 5 potions of might
 e - 10 potions of curing
 g - 9 potions of heal wounds
 h - 6 potions of haste
 i - 7 potions of magic
 j - 3 potions of berserk rage
 w - 2 potions of brilliance
 x - 2 potions of invisibility
 z - 4 potions of resistance
 B - 5 potions of agility
Comestibles
 a - 5 chunks of flesh
 f - 7 rations


   Skills:
 - Level 20.6 Fighting
 + Level 18.5 Axes
 + Level 9.9 Armour
 + Level 10.7 Shields
 + Level 0.0 Invocations


You had 11 spell levels left.
You didn't know any spells.
Your spell library was empty.

Dungeon Overview and Level Annotations

Branches:
Dungeon (1/1)

Altars:
Ashenzari
Cheibriados
Dithmenos
Elyvilon
Fedhas
Gozag
Hepliaklqana
Kikubaaqudgha
Makhleb
Nemelex Xobeh
Okawaru
Qazlal
Ru
Sif Muna
Trog
Uskayaw
Vehumet
Wu Jian
Xom
Yredelemnul
Zin
The Shining One
Beogh
Jiyva
Lugonu


Innate Abilities, Weirdness & Mutations

You cannot be hasted, slowed, berserked, paralysed or teleported.
You can dig through walls and to a lower floor.
Your four strong arms can wield two-handed weapons with a shield.
You have a pair of large antennae on your head. (SInv)
Scrolls take you a little longer to read.
Potions are less effective at restoring your health.


Message History

You are poisoned.
Yvvoabac gestures at you.
A raging storm of fire appears!
The great blast of fire engulfs you!!!!
Ouch! That really hurt!
* * * LOW HITPOINT WARNING * * *
The great blast of fire engulfs Xeot!!!
Xeot partially resists.
The great blast of fire engulfs the crimson imp!!!
The crimson imp partially resists.
The crimson imp dies!
The great blast of fire engulfs the red devil!!
The red devil partially resists.
The great blast of fire engulfs the ynoxinul!!!!
The ynoxinul dies!
Xadofer gestures.
A dragon appears. 3 fire vortices come into view.
Your storm dragon scales prevents you from hitting Xeot.
Xeot is lightly wounded.
You are engulfed in blazing flames.
You die... {{{{{ ▓..}=}}=..▓ {{{{{

▓...344)..▓
▓...45&...▓
▓...&.....▓
▓.○○v4○○D.▓
▓.v○○☼☼☼☼.▓
▓.▓☼°&○☼▓.▓
▓.○☼☼@○v☼.▓
▓▓▓▓▓▓▓▓▓▓▓
{


{{{{{{{{{ {{{{{{{{{{{ {{{{{{{{{{{ You could see Xadofer, Xeot, Yvvoabac, a
shadow dragon, a neqoxec, a chaos spawn, 3 red devils, 3 fire vortices and a
crimson imp.

Vanquished Creatures
  A white draconian (D)
  2 vault guards (D)
  A yaktaur captain (D)
  An ogre mage (D)
  2 deep elf knights (D)
  An ironbrand convoker (D)
  2 deep elf archers (D)
  A deep elf mage (D)
  4 draconians (D)
  A shining eye (D)
  A yaktaur (shapeshifter) (D)
  3 yaktaurs (D)
  A troll (shapeshifter) (D)
  A meliai (shapeshifter) (D)
  6 merfolk (D)
  A wind drake (shapeshifter) (D)
  A hippogriff (shapeshifter) (D)
  A yak (shapeshifter) (D)
  A water moccasin (D)
  3 centaurs (D)
  An iguana (D)
  2 river rats (D)
  3 ball pythons (D)
  3 jackals (D)
44 creatures vanquished.

Vanquished Creatures (collateral kills)
  A bullfrog (D)
1 creature vanquished.

Vanquished Creatures (others)
  A crimson imp (D)
1 creature vanquished.

Grand Total: 46 creatures vanquished

Notes
Turn   | Place    | Note
-------+----------+-------------------------------------------
     0 | D        | Faca the Formicid Fighter began the quest for the Orb.
     0 | D        | Reached XP level 1. HP: 18/18 MP: 1/1
     3 | D        | Found a blossoming altar of Fedhas.
     4 | D        | Found the +6 Majin-Bo {vamp, Archmagi MP+6 Int+6}
     4 | D        | Found the +7 great mace "Firestarter" {inner flame, rF++}
     4 | D        | Found a viscous altar of Jiyva.
     4 | D        | Found a hazy altar of Hepliaklqana.
     4 | D        | Found a transporter.
     4 | D        | Found an opulent altar of Gozag.
     4 | D        | Found an ancient bone altar of Kikubaaqudgha.
     4 | D        | Found a corrupted altar of Lugonu.
     8 | D        | Found a burning altar of Makhleb.
     9 | D        | Found a sacrificial altar of Ru.
     9 | D        | Found a shimmering blue altar of Sif Muna.
     9 | D        | Found a stormy altar of Qazlal.
     9 | D        | Found a bloodstained altar of Trog.
     9 | D        | Found an iron altar of Okawaru.
     9 | D        | Found a sparkling altar of Nemelex Xobeh.
    16 | D        | Reached XP level 2. HP: 24/24 MP: 2/2
    29 | D        | Found the +6 shillelagh "Devastator" {shatter}
    29 | D        | Found the +11 plutonium sword {*Contam Stlth-}
    29 | D        | Found the +8 lance "Wyrmbane" {slay drac, rPois rF+ rC+
                  | AC+3}
    29 | D        | Found the +9 sword of Zonguldrok {reap}
    29 | D        | Found the cursed +13 scythe of Curses {drain, *Curse}
    29 | D        | Found the +0 sword of Power
    29 | D        | Found the +7 mace of Variability {chain chaos}
    29 | D        | Found the +7 Singing Sword {slice, sonic wave}
    29 | D        | Found the +8 storm bow {elec, penet}
    30 | D        | Found the +9 heavy crossbow "Sniper" {velocity, Acc+∞ SInv}
    30 | D        | Found the +10 dark maul {crush}
    30 | D        | Found the +15 Maxwell's patent armour {-Cast -Tele rElec
                  | MR+ rCorr}
    30 | D        | Found the +18 shield of the Gong {rElec rN+ MR+ EV-5}
    30 | D        | Found the cursed +14 obsidian axe {chop, +Fly SInv *Curse}
    44 | D        | Became a worshipper of the Shining One
    91 | D        | Entered arena 2.
    91 | D        | Noticed a merfolk
    91 | D        | Noticed a merfolk
    91 | D        | Found a transporter.
    92 | D        | Found the +2 ratskin cloak {+Rats rPois rN+ Str-1 Int-1
                  | Dex+1}
   100 | D        | Killed a merfolk
   100 | D        | Reached skill level 8 in Fighting
   100 | D        | Reached skill level 10 in Axes
   100 | D        | Reached XP level 3. HP: 23/38 MP: 3/3
   100 | D        | Reached XP level 4. HP: 28/45 MP: 4/4
   100 | D        | Reached XP level 5. HP: 31/51 MP: 5/5
   100 | D        | Reached XP level 6. HP: 35/57 MP: 6/6
   108 | D        | Killed a merfolk
   108 | D        | Reached skill level 10 in Fighting
   108 | D        | Reached XP level 7. HP: 11/67 MP: 7/7
   378 | D        | Entered arena 3.
   378 | D        | Reached * piety under the Shining One
   378 | D        | Found a transporter.
   381 | D        | Reached skill level 11 in Fighting
   409 | D        | Entered arena 4.
   409 | D        | Found a transporter.
   424 | D        | Entered arena 5.
   424 | D        | Noticed a water moccasin
   424 | D        | Reached ** piety under the Shining One
   424 | D        | Found a transporter.
   433 | D        | Killed a water moccasin
   433 | D        | Reached skill level 12 in Fighting
   446 | D        | Entered arena 6.
   446 | D        | Noticed a draconian
   446 | D        | Noticed a draconian
   446 | D        | Noticed a draconian
   446 | D        | Noticed a draconian
   446 | D        | Noticed a white draconian
   446 | D        | Reached *** piety under the Shining One
   446 | D        | Found a transporter.
   447 | D        | Identified the +11 spear "Gukap" {pain, rF+ rN+ MR+}
   452 | D        | Killed a draconian
   452 | D        | Reached skill level 14 in Fighting
   452 | D        | Reached XP level 8. HP: 77/82 MP: 8/8
   454 | D        | Killed a draconian
   454 | D        | Reached skill level 15 in Fighting
   454 | D        | Reached XP level 9. HP: 76/91 MP: 9/9
   454 | D        | Killed a draconian
   454 | D        | Reached skill level 16 in Fighting
   459 | D        | Killed a white draconian
   459 | D        | Reached skill level 17 in Fighting
   459 | D        | Reached skill level 15 in Axes
   459 | D        | Killed a draconian
   459 | D        | Reached skill level 18 in Fighting
   459 | D        | Reached XP level 10. HP: 43/102 MP: 10/10
   678 | D        | Entered arena 7.
   678 | D        | Noticed a deep elf mage
   678 | D        | Noticed a deep elf knight
   678 | D        | Noticed a deep elf archer
   678 | D        | Noticed a deep elf archer
   678 | D        | Reached **** piety under the Shining One
   678 | D        | Noticed a deep elf knight
   679 | D        | Found a transporter.
   684 | D        | Killed a deep elf knight
   686 | D        | Killed a deep elf knight
   687 | D        | Killed a deep elf mage
   687 | D        | Reached skill level 19 in Fighting
   695 | D        | Killed a deep elf archer
   698 | D        | Killed a deep elf archer
   698 | D        | Reached skill level 5 in Shields
   698 | D        | Reached XP level 11. HP: 41/112 MP: 11/11
   953 | D        | Got the ring of the Empire {*Slow rC+ MR+ Str+4}
   958 | D        | Entered arena 8.
   958 | D        | Reached ***** piety under the Shining One
   958 | D        | Noticed a shining eye
   959 | D        | Found a transporter.
   962 | D        | Reached skill level 5 in Armour
   966 | D        | Gained mutation: Potions are less effective at restoring
                  | your health. [a shining eye]
   968 | D        | Gained mutation: Scrolls take you a little longer to read.
                  | [a shining eye]
   969 | D        | Killed a shining eye
  1037 | D        | Entered arena 9.
  1038 | D        | Found a transporter.
  1054 | D        | Got the amulet "Viel" {Inacc rF+ Dex+6}
  1088 | D        | Entered arena 10.
  1088 | D        | Noticed a vault guard
  1088 | D        | Reached ****** piety under the Shining One
  1088 | D        | Noticed an ironbrand convoker
  1088 | D        | Noticed a yaktaur captain
  1088 | D        | Noticed an ogre mage
  1088 | D        | Noticed a vault guard
  1089 | D        | Identified the cursed +0 glaive of Purpose {holy, Int+4}
  1089 | D        | Identified the cursed +0 war axe of Death {freeze, +Inv}
  1089 | D        | Found a transporter.
  1092 | D        | Killed a vault guard
  1092 | D        | Reached skill level 20 in Fighting
  1096 | D        | Killed an ogre mage
  1098 | D        | Killed a yaktaur captain
  1098 | D        | Reached skill level 10 in Shields
  1099 | D        | Reached XP level 12. HP: 109/122 MP: 12/12
  1103 | D        | Killed a vault guard
  1119 | D        | Got the amulet "Ufaq" {Inacc Int+2 SInv}
  1143 | D        | Entered arena 11.
  1143 | D        | Noticed Xeot the pandemonium lord
  1143 | D        | Noticed Yvvoabac the pandemonium lord
  1143 | D        | Noticed Xadofer the pandemonium lord
  1146 | D        | Noticed a shadow dragon
  1146 | D        | Engulfed by Yvvoabac the pandemonium lord's flame

Levels and vault maps discovered:
D:        sprint_v [room_start, room_1, room_2, room_3, room_4, room_5, room_6,
          room_7, room_8, room_9, room_10, room_11, room_12, room_13, room_14,
          room_15, room_16, room_17, room_18, room_19, room_20, room_21,
          room_22, room_23, room_24, room_25, room_26, room_27]

Skill      XL: |  1  2  3  4  5  6  7  8  9 10 11 |
---------------+----------------------------------+-----
Axes           | 7 10 11 13 15 17 18 | 18.5
Fighting       | 8 10 14 15 18 19 20 | 20.6
Armour         | 4 9 |  9.9
Shields        | 5 10 | 10.7

Action                   |  1- 3 |  4- 6 |  7- 9 | 10-12 || total
-------------------------+-------+-------+-------+-------++-------
Melee: War axe           |     7 |     8 |     7 |       ||    22
       Broad axe         |       |       |    18 |    27 ||    45
       Battleaxe         |       |       |       |    20 ||    20
 Abil: Evoke Ratskin     |       |       |     1 |       ||     1
  Use: Potion            |     2 |       |     1 |       ||     3
       Scroll            |     1 |       |       |     2 ||     3
  Eat: Chunk             |       |       |       |     1 ||     1
Armor: Storm dragon scal |     2 |     1 |    19 |    36 ||    58
Dodge: Dodged            |     2 |       |     8 |    10 ||    20
Block: Shield            |     6 |     3 |    20 |    42 ||    71

Table legend:
 A = Non-vault XP
 B = Vault XP
 C = Vault XP percentage of total XP
 D = Non-vault monster count
 E = Vault monster count
 F = Vault count percentage of total count
                 A         B        C        D         E       F
            +---------+---------+-------+---------+---------+-------
      Total |       0 |   17314 | 100.0 |       0 |      45 | 100.0
            +---------+---------+-------+---------+---------+-------
          D |       0 |   17314 | 100.0 |       0 |      45 | 100.0
            +---------+---------+-------+---------+---------+-------
